 Dungeon Crawl Stone Soup version 0.18-a0-1311-g779ca93 (webtiles) character file.

61 Ratboiler the Skirmisher (level 3, 0/22 HPs)
             Began as a Deep Elf Wanderer on Feb 13, 2016.
             Was an Initiate of Okawaru.
             Succumbed to an adder's poison
             ... on level 2 of the Dungeon.
             The game lasted 00:03:35 (1555 turns).

Ratboiler the Skirmisher (Deep Elf Wanderer)        Turns: 1555, Time: 00:03:35

Health: 0/22       AC:  4    Str:  9    XL:     3   Next: 83%
Magic:  5/5        EV: 12    Int: 14    God:    Okawaru [......]
Gold:   65         SH:  0    Dex: 17    Spells: 0 memorised, 2 levels left

rFire  . . .     SeeInvis .     a - +0 quarterstaff
rCold  . . .     Gourm    .     c - +1 leather armour
rNeg   . . .     Faith    .     (shield currently unavailable)
rPois  .         Spirit   .     (no helmet)
rElec  .         Dismiss  .     (no cloak)
rCorr  .         Reflect  .     (no gloves)
SustAt .         Harm     .     (no boots)
MR     .....                    (no amulet)
Stlth  ++........               (no ring)
                                (no ring)

@: lethally poisoned (0 -> -3), not resistant to hostile enchantments,
unstealthy
A: no striking features
a: Renounce Religion


You were on level 2 of the Dungeon.
You worshipped Okawaru.
Okawaru was noncommittal.
You were not hungry.

You visited 1 branch of the dungeon, and saw 2 of its levels.

You collected 65 gold pieces.

Inventory:

Hand Weapons
 a - a +0 quarterstaff (weapon)
 d - a +0 falchion
 e - a +0 dagger
Missiles
 b - 4 throwing nets (quivered)
 g - 21 sling bullets
 j - 14 bolts
Armour
 c - a +1 leather armour (worn)
Jewellery
 n - an uncursed ring of magical power
Scrolls
 l - a scroll of remove curse
Comestibles
 f - 2 bread rations
 i - a chunk of flesh
 m - a meat ration


   Skills:
 + Level 2.6 Fighting
 - Level 1.7 Long Blades
 + Level 2.4 Staves
 - Level 1.0 Throwing
 - Level 2.4 Dodging
 - Level 2.4 Stealth
   Level 1.1 Evocations


You had 2 spell levels left.
You didn't know any spells.

Dungeon Overview and Level Annotations

Branches:
Dungeon (2/15)

Altars:
Okawaru


Message History

You kill the kobold!
Okawaru accepts your kill.
* * * LOW HITPOINT WARNING * * *
You feel sick.
You aren't carrying any potions.
Read which item? (? for menu, Esc to quit)
As you read the scroll labeled WAFA HACUIN, it crumbles to dust.
It is a scroll of enchant armour.
Enchant which item? (? for menu, Esc to quit)
Choose some type of armour to enchant, or Esc to abort.
Enchant which item? (? for menu, Esc to quit)
Your +0 leather armour glows green for a moment.
Read which item? (? for menu, Esc to quit)
As you read the scroll labeled OLIANA UZYHUY, it crumbles to dust.
It is a scroll of identify.
Identify which item? (\ to view known items) (? for menu, Esc to quit)
n - an uncursed ring of magical power
* * * LOW HITPOINT WARNING * * *
You feel sick.
You die...

# #...###...# #.............
#....##.### #.............
#..#....# #.............
######...# ######........
#...# ##.......... #..##
###..PPP..[..>
+...####...8.........
#........##P...#.##..
#...@...###PP8.#....#
###.......# #..######## #
#.........# #.## #
#.#.........###.#########
##.#.†......##....##...##.
#...[)......##............
#..................##.##..
......................#...#..
.......##########............


There were no monsters in sight!

Vanquished Creatures
  An adder (D:2)
  An adder zombie (D:2)
  A giant gecko (D:2)
  2 bat skeletons (D:2)
  5 giant cockroaches
  4 goblins
  4 hobgoblins
  7 jackals (D:1)
  2 giant newts (D:1)
  5 kobolds
  12 rats
44 creatures vanquished.

Notes
Turn   | Place    | Note
--------------------------------------------------------------
     0 | D:1      | Ratboiler the Deep Elf Wanderer began the quest for the Orb.
     0 | D:1      | Ratboiler set off with: a +0 leather armour, 4 throwing nets, a +0 quarterstaff, a +0 falchion, a +0 dagger, a bread ration
     0 | D:1      | Reached XP level 1. HP: 12/12 MP: 3/3
   246 | D:1      | Reached skill level 1 in Staves
   343 | D:1      | Reached XP level 2. HP: 17/17 MP: 4/4
  1111 | D:1      | Reached XP level 3. HP: 21/21 MP: 5/5
  1490 | D:2      | Found an iron altar of Okawaru.
  1505 | D:2      | Became a worshipper of Warmaster Okawaru
  1552 | D:2      | HP: 1/22 [poisoned by an adder]
  1555 | D:2      | Succumbed to an adder's poison

Vault maps used:
D:1:      dpeg_arrival_chambers_temple_mockup
D:2:      nicolae_ru_sacrificial_ziggurat, okawaru_gym_becter, first_bread,
          serial_undead, serial_undead_d, serial_undead_e, serial_undead_a,
          serial_undead_e, serial_undead_e, serial_undead_f, serial_undead_e,
          kennysheep_minor_cross

Action                   || total
-------------------------++-------
Melee: Quarterstaff      ||   111
  Use: Scroll            ||     3
 Stab: Sleeping          ||     2
       Distracted        ||     1
  Eat: Chunk             ||     1
       Royal jelly       ||     1
